 Dungeon Crawl Stone Soup version 0.31.0-12-g77e489cdc1 (webtiles) character file.

Game seed: 15851294885941711793

2212 Baz the Carver (level 9, -1/79 HPs)
             Began as a Minotaur Fighter on Feb 27, 2024.
             Was a Follower of Okawaru.
             Slain by a centaur (5 damage)
             ... on level 5 of the Dungeon.
             The game lasted 00:07:05 (5935 turns).

Baz the Carver (Minotaur Fighter)                   Turns: 5935, Time: 00:07:06

Health: -1/79      AC: 12    Str: 25    XL:     9   Next: 13%
Magic:  6/8        EV: 11    Int:  5    God:    Okawaru [*.....]
Gold:   195        SH:  7    Dex: 10    Spells: 8/8 levels left

rFire   . . .        a - +0 long sword
rCold   . . .        c - +0 buckler
rNeg    . . .        b - +0 scale mail
rPois   .            (helmet restricted)
rElec   .            (no cloak)
rCorr   .            f - +0 pair of gloves
SInv    .            (no boots)
Will    .....        (no amulet)
Stlth   +            (no ring)
HPRegen 0.33/turn    (no ring)
MPRegen 0.11/turn

%: no passive effects
@: heroic, studying Evocations
A: horns 2, retaliatory headbutt, iridescent scales 1
a: Renounce Religion, Heroism


You were on level 5 of the Dungeon.
You worshipped Okawaru.
Okawaru was aware of your devotion.
You visited 1 branch of the dungeon, and saw 6 of its levels.

You collected 195 gold pieces.

Inventory:

Hand Weapons
 a - a +0 long sword (weapon)
Missiles
 i - 3 javelins (quivered)
 k - 4 boomerangs
Armour
 b - a +0 scale mail (worn)
 c - a +0 buckler (worn)
 f - a +0 pair of gloves (worn)
Jewellery
 s - a ring of see invisible
Wands
 u - a wand of polymorph (2)
 w - a wand of quicksilver (4)
Scrolls
 d - a scroll of brand weapon {unknown}
 e - 2 scrolls of teleportation {unknown}
 g - 2 scrolls of blinking {unknown}
 h - a scroll of fear {unknown}
 j - 2 scrolls of enchant weapon {unknown}
 l - 2 scrolls of fog {unknown}
 m - 2 scrolls of enchant armour {unknown}
 o - 2 scrolls of amnesia {unknown}
 r - a scroll of torment {unknown}
 t - a scroll of immolation {unknown}
 v - a scroll of revelation {unknown}
 x - a scroll of identify {unknown}
Potions
 z - a potion of lignification {unknown}


   Skills:
 + Level 7.4(12.4) Fighting
 + Level 9.1(14.1) Long Blades
 + Level 7.4(12.4) Armour
 + Level 7.4(12.4) Shields
 + Level 2.3 Evocations


You had 8 spell levels left.
You didn't know any spells.
Your spell library contained the following spells:

 Spells                   Type           Power      Damage    Failure   Level
 Sandblast                Erth           0%         2d4       75%         1
 Sublimation of Blood     Necr           0%         N/A       86%         2
 Passwall                 Erth           0%         N/A       98%         3
 Sigil of Binding         Hex            0%         N/A       98%         3
 Stone Arrow              Conj/Erth      0%         3d7       98%         3
 Brom's Barrelling Bould  Conj/Erth      0%         2d3       100%        4
 Dimensional Bullseye     Hex/Tloc       0%         N/A       100%        4
 Petrify                  Alch/Erth      0%         N/A       100%        4
 Irradiate                Conj/Alch      0%         3d11      100%        5
 Call Canine Familiar     Summ           Unusable   N/A       N/A         3

Dungeon Overview and Level Annotations

Branches:
Dungeon (6/15)
 Temple: D:4-7

Altars:
Dithmenos
Elyvilon
Okawaru
Ru
Sif Muna

Annotations:
D:4 Duvessa


Innate Abilities, Weirdness & Mutations

You have a pair of horns on your head.
You reflexively headbutt those who attack you in melee.
You are partially covered in iridescent scales. (AC +2)


Message History

The orc wizard hits you but does no damage.
You slash the orc wizard!
You kill the orc wizard!
Okawaru accepts your kill. The centaur hits you.
* * * LOW HITPOINT WARNING * * *
The centaur kicks you but does no damage.
The scorpion barely misses you.
Unknown command.
You hit the scorpion.
You headbutt the scorpion, but do no damage.
The scorpion is severely wounded.
You block the centaur's attack.
The centaur kicks you but does no damage.
The scorpion stings you but does no damage.
The centaur completely misses you.
The centaur kicks you but does no damage.
Unknown command.
You hit the scorpion. Your headbutt misses the scorpion.
The scorpion is severely wounded.
The scorpion stings you but does no damage.
The centaur barely misses you. The centaur kicks you.
* * * LOW HITPOINT WARNING * * *
Unknown command.
You barely miss the scorpion.
The scorpion is severely wounded.
The scorpion stings you.
* * * LOW HITPOINT WARNING * * *
The centaur hits you but does no damage.
The centaur completely misses you.
It was a potion of mutation.
You feel extremely strange.
Iridescent scales grow over part of your body.
The centaur hits you but does no damage.
The centaur kicks you but does no damage.
You block the scorpion's attack.
It was a potion of cancellation.
You feel magically purged.
The centaur hits you but does no damage.
The centaur kicks you but does no damage.
You block the scorpion's attack. The centaur hits you.
You die...

#...............#............#
#.#############.#.##########.#
#.# #.#.# #.#
##.#############.#.# #.#
...............#.#.# #.#
...###########.#.#.# #.# ...#
#.#.#.# #.###
...###########.#s#.# #....
.....<.........)@#.# ########
#..###########.#c#.#######....# #
..(###########.#.#.##....#.##.###
##...............#....##.#.#.....
....###...####.#.#######.#.#..###
....# #...# #.#.......).#.#..#
....# #...# #.#.#########.#..#
....# #...# #.............#..#
....###...######.###########..###


You could see a centaur and a scorpion.

Vanquished Creatures
  A two-headed ogre (D:5)
  A troll (D:5)
  A black bear (D:5)
  2 orc warriors (D:5)
  A bullfrog (D:5)
  2 scorpions (D:5)
  A gnoll sergeant (D:6)
  Dowan (D:4)
  A howler monkey (D:5)
  4 bombardier beetles
  An orc priest (D:5)
  2 hounds
  3 jellies
  Jessica (D:3)
  An iguana (D:5)
  5 orc wizards
  Ijyb (D:4)
  5 gnolls
  16 adders
  A shadow imp (D:5)
  4 ufetubi (D:5)
  3 ribbon worms
  9 orcs (D:5)
  6 bats
  7 endoplasms
  2 giant cockroaches
  6 goblins
  7 hobgoblins
  7 jackals
  3 quokkas
  11 ball pythons
  2 frilled lizards
  5 kobolds
  6 rats
129 creatures vanquished.

Notes
Turn   | Place    | Note
-------+----------+-------------------------------------------
     0 | D:1      | Baz the Minotaur Fighter began the quest for the Orb.
     0 | D:1      | Reached XP level 1. HP: 19/19 MP: 0/0
   148 | D:1      | Reached XP level 2. HP: 27/27 MP: 1/1
   253 | D:1      | Reached skill level 3 in Long Blades
   474 | D:1      | Reached XP level 3. HP: 33/33 MP: 2/2
  1498 | D:3      | Reached skill level 4 in Long Blades
  1498 | D:3      | Reached XP level 4. HP: 10/41 MP: 3/3
  1639 | D:3      | Found a sacrificial altar of Ru.
  1742 | D:3      | Reached XP level 5. HP: 32/47 MP: 4/4
  1836 | D:3      | Noticed Jessica
  1843 | D:3      | Killed Jessica
  1933 | D:3      | Found a shimmering blue altar of Sif Muna.
  2088 | D:3      | Reached skill level 5 in Long Blades
  2185 | D:3      | Reached XP level 6. HP: 55/55 MP: 5/5
  2874 | D:4      | Noticed Ijyb
  2887 | D:4      | Killed Ijyb
  2888 | D:4      | Reached skill level 5 in Fighting
  2897 | D:4      | Reached skill level 5 in Armour
  2897 | D:4      | Reached skill level 5 in Shields
  3482 | D:4      | Noticed Dowan
  3482 | D:4      | Noticed Duvessa
  3500 | D:5      | Entered Level 5 of the Dungeon
  3500 | D:5      | Noticed a two-headed ogre
  3589 | D:4      | Killed Dowan
  3590 | D:4      | Reached skill level 6 in Long Blades
  3752 | D:5      | Reached XP level 7. HP: 61/61 MP: 6/6
  3815 | D:5      | Found an iron altar of Okawaru.
  4018 | D:5      | Killed a two-headed ogre
  4019 | D:5      | Reached skill level 8 in Long Blades
  4019 | D:5      | Reached XP level 8. HP: 31/71 MP: 7/7
  4100 | D:5      | Became a worshipper of Warmaster Okawaru
  4181 | D:5      | Noticed a troll
  4200 | D:5      | Killed a troll
  4202 | D:5      | HP: 2/71 [orc warrior/arrow (12)]
  4208 | D:5      | Reached * piety under Okawaru
  4480 | D:5      | Reached skill level 1 in Evocations
  4500 | D:5      | Found a white marble altar of Elyvilon.
  4641 | D:5      | Reached skill level 9 in Long Blades
  5154 | D:5      | Found a shadowy altar of Dithmenos.
  5385 | D:6      | Reached XP level 9. HP: 34/79 MP: 8/8
  5933 | D:5      | HP: 3/79 [scorpion (6)]
  5934 | D:5      | Gained mutation: You are partially covered in iridescent
                  | scales. (AC +2) [potion of mutation]
  5935 | D:5      | Slain by a centaur

Illustrated notes

Levels and vault maps discovered:
D:1:      heliophobic_arrival_dark_side_of_the_moon, layout_basic,
          grunt_decor_junction, supply_closet_lemuel
D:2:      layout_loops_ring
D:3:      layout_basic, led_sif_book, nicolae_ru_great_annihilating_truth,
          minmay_snake_closets, uniq_jessica
D:4:      layout_loops_ring, mainiacjoe_overflow_alcove_4,
          kennysheep_nondescript, uniq_ijyb, uniq_duvessa
D:5:      layout_basic, nicolae_overflow_hidden_temple,
          nicolae_overflow_crystal_walls, okawaru_metal_pillars_1_2,
          chequers_serial_rivers_large_a, minmay_manual_monstrance
D:6:      layout_rooms, lemuel_doored_altar, minmay_temple_entry_slanted

Skill      XL: |  1  2  3  4  5  6  7  8  9 |
---------------+----------------------------+-----
Long Blades    | 3 4 5 6 8 9 |  9.1
Armour         | 4 5 6 7 |  7.4
Fighting       | 4 5 6 7 |  7.4
Shields        | 4 5 6 7 |  7.4
Evocations     | 1 2 |  2.3

Action                     |  1- 3 |  4- 6 |  7- 9 || total
---------------------------+-------+-------+-------++-------
  Melee: Long sword        |   112 |   133 |   140 ||   385
         Headbutt          |    12 |    25 |    33 ||    70
 Invoke: Heroism           |       |       |     1 ||     1
  Evoke: Wand              |       |     1 |     3 ||     4
    Use: Potion            |       |       |     7 ||     7
 Armour: Scale mail        |    70 |   107 |   225 ||   402
  Dodge: Dodged            |    44 |    55 |   119 ||   218
  Block: Buckler           |    15 |    33 |    56 ||   104
